 Dungeon Crawl Stone Soup version 0.29.1-1-gd02db6906a (webtiles) character file.

Game seed: 10140835759787241167

354 HawkI the Slasher (level 6, -3/33 HPs)
             Began as a Vine Stalker Fighter on Oct 6, 2022.
             Succumbed to a scorpion's poison
             ... on level 3 of the Dungeon.
             The game lasted 00:09:43 (3160 turns).

HawkI the Slasher (Vine Stalker Fighter)            Turns: 3160, Time: 00:09:46

Health: -3/33      AC: 11    Str: 20    XL:     6   Next: 62%
Magic:  2/7        EV: 10    Int:  8    God:
Gold:   216        SH:  0    Dex: 14    Spells: 5/5 levels left

rFire   . . .      SeeInvis .   l - +0 falchion
rCold   . . .      Faith    .   (no shield)
rNeg    . . .      Spirit   +   b - +0 scale mail
rPois   .          Reflect  .   k - +2 helmet
rElec   .          Harm     .   (no cloak)
rCorr   .          Rampage  .   (no gloves)
Will    .....                   f - +0 pair of boots
Stlth   ..........              (no amulet)
HPRegen 0.91/turn               (no ring)
MPRegen 0.10/turn               (no ring)

@: lethally poisoned (-3 -> -19), flying
A: fangs 2, regeneration 1, magic shield, antimagic bite, no potion heal 2
a: no special abilities


You were on level 3 of the Dungeon.
You visited 1 branch of the dungeon, and saw 4 of its levels.

You collected 216 gold pieces.

Inventory:

Hand Weapons
 a - a +0 vampiric long sword
 l - a +0 falchion (weapon)
Armour
 b - a +0 scale mail (worn)
 c - a +0 buckler
 f - a +0 pair of boots (worn)
 k - a +2 helmet (worn)
Jewellery
 g - a ring of fire
Scrolls
 i - 2 scrolls of blinking {unknown}
 j - 2 scrolls of vulnerability {unknown}
 m - a scroll of poison {unknown}
Potions
 h - a potion of flight


   Skills:
 + Level 3.7 Fighting
 + Level 4.4 Long Blades
 + Level 3.4 Armour
 + Level 0.8 Dodging
 + Level 0.9 Stealth
 + Level 3.0 Shields


You had 5 spell levels left.
You didn't know any spells.
Your spell library contained the following spells:

 Spells                   Type           Power      Damage    Failure   Level
 Animate Armour           Summ/Erth      0%         N/A       100%        4
 Blade Hands              Tmut           0%         N/A       100%        5
 Iron Shot                Conj/Erth      0%         9d1       100%        6


Dungeon Overview and Level Annotations

Branches:
Dungeon (4/15)
 Temple: D:4-7

Altars:


Innate Abilities, Weirdness & Mutations

You have extremely sharp teeth.
Your natural rate of healing is unusually fast.
When hurt, damage is shared between your health and your magic reserves.
Your bite disrupts and absorbs the magic of your enemies.
Potions cannot restore your health.


Message History

You are no longer poisoned.
The scorpion stings you.
You are poisoned.
The scorpion poisons you!
You feel very sick. The scorpion attacks as you move away!
The scorpion barely misses you.
You feel sick.
You feel sick.
You feel sick.
You feel sick.
The scorpion stings you but does no damage.
The scorpion attacks as you move away! The scorpion stings you.
* * * LOW HITPOINT WARNING * * *
You feel sick. The scorpion attacks as you move away!
The scorpion stings you but does no damage.
You feel sick.
You feel sick.
You feel sick.
You are no longer poisoned.
The scorpion stings you but does no damage.
You see here a quokka corpse.
The scorpion attacks as you move away!
The scorpion stings you but does no damage.
The scorpion stings you but does no damage.
The scorpion attacks as you move away!
The scorpion stings you but does no damage.
The scorpion attacks as you move away! The scorpion stings you.
You are poisoned.
The scorpion poisons you!
You feel very sick.
There is a stone staircase leading up here.
You feel sick.
The scorpion stings you but does no damage.
The scorpion stings you.
* * * LOW HITPOINT WARNING * * *
You are more poisoned.
The scorpion poisons you!
You fly upwards.
You die...

###..####).....####.....#####
########....#........##.##### #
............+........##.# #
########....#........#..# # ####
#.......#'##......## # †..#
#.##......##....############
...###.##.....).#........##......
.............#.)#........##......
...###.#######.s@........##......
.....#(#....#####........##......
.....#.......####........########
.....###........(..#.....# .....#
#...........#.....# .....#
#...........#.....#
.....###...........#######
............##.#####
.....###.#####.#


You could see a scorpion.

Vanquished Creatures
  Grinder (D:4)
  A hound (D:4)
  4 adders
  3 dart slugs
  4 orcs (D:3)
  5 endoplasms
  4 giant cockroaches
  7 goblins
  9 hobgoblins
  5 quokkas
  12 ball pythons
  5 bats
  A frilled lizard (D:2)
  6 kobolds
  3 rats
70 creatures vanquished.

Notes
Turn   | Place    | Note
-------+----------+-------------------------------------------
     0 | D:1      | HawkI the Vine Stalker Fighter began the quest for the Orb.
     0 | D:1      | Reached XP level 1. HP: 11/11 MP: 2/2
   227 | D:1      | Reached XP level 2. HP: 16/16 MP: 3/3
   463 | D:1      | Reached skill level 2 in Long Blades
   476 | D:1      | Found a faded altar of an unknown god.
   905 | D:1      | Reached XP level 3. HP: 20/20 MP: 4/4
  1712 | D:2      | Gained mutation: Your natural rate of healing is unusually
                  | fast. [Vine Stalker growth]
  1712 | D:2      | Reached XP level 4. HP: 24/24 MP: 5/5
  2030 | D:2      | Identified the +5 short sword of Defilement {elec, rElec
                  | rCorr}
  2765 | D:3      | Reached skill level 3 in Long Blades
  2780 | D:3      | Reached XP level 5. HP: 28/28 MP: 6/6
  3070 | D:4      | Noticed Grinder
  3082 | D:4      | Paralysed by Grinder for 5 turns
  3091 | D:4      | Paralysed by Grinder for 2 turns
  3094 | D:4      | Killed Grinder
  3095 | D:4      | Reached skill level 4 in Long Blades
  3095 | D:4      | Reached XP level 6. HP: 26/33 MP: 3/7
  3160 | D:3      | Succumbed to a scorpion's poison

Illustrated notes

Levels and vault maps discovered:
D:1:      grunt_arrival_crossed_arrows, layout_basic,
          hellmonk_ecumenical_altar_heavens_door
D:2:      layout_loops_corners, minmay_misc_feat_more_columns,
          kennysheep_generic_room_13
D:3:      layout_basic
D:4:      layout_rooms, uniq_grinder, uniq_pikel, uniq_menkaure

Skill      XL: |  1  2  3  4  5 |
---------------+----------------+-----
Long Blades    | 2 3 4 |  4.4
Fighting       | 3 |  3.7
Shields        | 3 |  3.0
Armour         | 3 |  3.4
Dodging        | |  0.8
Stealth        | |  0.9

Action                   |  1- 3 |  4- 6 || total
-------------------------+-------+-------++-------
Melee: Long sword        |    94 |    44 ||   138
       Bite              |    19 |    15 ||    34
       Punch             |     1 |       ||     1
       Falchion          |       |    43 ||    43
  Use: Scroll            |     2 |       ||     2
       Potion            |       |     3 ||     3
Armor: Scale mail        |    48 |    41 ||    89
       Skin              |       |    21 ||    21
Dodge: Dodged            |    81 |    37 ||   118
